Theo, chaotic female vampiric Wizard ... -.... |..... -..... --....|<. ---.....--. |..)..-- |..... ---.G.. .i@. .... Theo the Thaumaturge Experience level: 7 Strength: 12 Dexterity: 17 Constitution: 13 Intelligence: 18 Wisdom: 10 Charisma: 10 Health: 0(47) Energy: 74(92) AC: 5 Gold: 188 Moves: 2246 Your Inventory: Coins $ - 188 gold pieces Weapons a - a blessed +1 quarterstaff (weapon in hands) Armor b - an uncursed +0 cloak of magic resistance (being worn) x - an uncursed +0 pair of iron shoes (being worn) z - an uncursed +0 dwarvish iron helm A - an uncursed +0 pair of iron shoes D - a blessed +1 orcish helm (being worn) Scrolls i - an uncursed scroll of remove curse j - an uncursed scroll of stinking cloud Spellbooks l - a blessed spellbook of force bolt m - an uncursed spellbook of remove curse Potions g - an uncursed potion of extra healing r - a cursed potion of healing I - an [uncursed] indigo potion [of enlightenment] Rings d - an uncursed +1 ring of adornment e - a blessed +1 ring of gain dexterity (on left hand) q - a blessed +2 ring of gain strength (on right hand) Wands c - an uncursed wand of cold (0:6) Tools n - an uncursed magic marker (0:53) o - an uncursed lock pick Gems p - 2 uncursed opals v - an uncursed fluorite stone B - an uncursed worthless piece of yellowish brown glass E - 2 [uncursed] red gems [worthless glass] F - an [uncursed] violet gem [worthless glass] G - an [uncursed] red gem [ruby] Spells known in the end: Name Level Category Fail Memory a - force bolt 1 attack 4% [||||||||] b - remove curse 3 clerical 91% [||||||||] Your skills at the end: Fighting Skills Weapon Skills quarterstaff [Basic / Expert] Spellcasting Skills attack spells [Basic / Expert] enchantment spells [Basic / Skilled] Final Attributes: You were piously aligned. Hunger level was 634. Your alignment was 20 / 21. Monster difficulty range was 1 - 7. Level difficulty was 7. You were immune to level-drain. You were magic-protected. You could fly. You could survive without air. You regenerated. Your luck was zero. You are dead. Vanquished creatures: a gnome king a housecat 2 apes a fire ant a pony a shrieker 3 gnome lords 2 gray oozes a floating eye 5 dwarves a rabid rat 2 giant bats a werejackal 4 iguanas a hobbit a large kobold 2 hobgoblins 23 gnomes 2 geckos 2 jackals 4 foxes a kobold a goblin 2 sewer rats 3 grid bugs 2 bats 3 lichens 5 newts 78 creatures vanquished. Voluntary challenges: You used a wielded weapon 74 times. You read items or engraved 6 times. You put on armor 4 times. You never genocided any monsters. You never polymorphed an object. You never changed form. You used no wishes. You never wrote Elbereth's name. You never encountered a bones level. You never used any Sokoban shortcuts. Dungeon overview: The Dungeons of Doom: levels 1 to 4 Level 1 a long staircase Level 2 a tin shop Level 4 stairs to The Gnomish Mines The Gnomish Mines: levels 5 to 7 Level 5 stairs to The Dungeons of Doom Level 7 <- You were here History has recorded: On T:1 you entered the Dungeons of Doom to retrieve the Amulet of Yendor! On T:2 you advanced to experience level 2. On T:214 you advanced to experience level 3. On T:309 you reached level 2 of The Dungeons of Doom. On T:523 you reached level 3 of The Dungeons of Doom. On T:545 you advanced to experience level 4. On T:870 you advanced to experience level 5. On T:1141 you reached level 4 of The Dungeons of Doom. On T:1347 you advanced to experience level 6. On T:1404 you reached level 1 of The Gnomish Mines. On T:1783 you advanced to experience level 7. On T:1809 you reached level 2 of The Gnomish Mines. On T:2206 you reached level 3 of The Gnomish Mines. Latest messages: You miss the dwarf. You bite the dwarf. The tengu bites! [HP-1=15] The tengu bites! The dwarf thrusts her broad short sword. The dwarf hits! [HP-13=2] You kill the gnome! The tengu bites! The gnome misses. [HP+1=3] You miss the tengu. You bite the tengu. You feed on the lifeblood. The tengu suddenly seems weaker! The tengu bites! You hit the tengu. You bite the tengu. The tengu bites! The gnome hits! You die... Final status: Goodbye Theo the Wizard... You died in The Gnomish Mines on dungeon level 7 with 2944 points, and 188 pieces of gold, after 2246 moves. You were level 7 with a maximum of 47 hit points when you died.